TOP OF THE 1ST |
Hillsboro Hops batting - Pitching for Batavia Muckdogs : RHP Ryan Weedon
|
Pitching: RHP Ryan Weedon
|
|
Batting: RHB Yutaka Oki
|
0-0: Ground out 5-3 (Groundball, 56S, EV 85.0 MPH)
|
Batting: RHB Daniel Rivera
|
0-0: Called Strike 0-1: Ball 1-1: Ball 2-1: Foul Ball, location: 2F 2-2: Foul Ball, location: 2F 2-2: Ball 3-2: Fly out, F9 (Flyball, 9D, EV 92.5 MPH)
|
Batting: LHB Franklin Quezada
|
0-0: SINGLE (Flyball, 5D, EV 90.0 MPH)
|
Batting: RHB Danny Loyola
|
0-0: Called Strike Franklin Quezada steals 2nd base 0-1: Ball 1-1: Foul Ball, location: 2F 1-2: Ball 2-2: Foul Ball, location: 2F 2-2: Strikes out swinging
|
Top of the 1st over - 0 runs, 1 hit, 0 errors, 1 left on base; Hillsboro 0 - Batavia 0 |
BOTTOM OF THE 1ST |
Batavia Muckdogs batting - Pitching for Hillsboro Hops : RHP Alexis Priego
|
Pitching: RHP Alexis Priego
|
|
Batting: SHB Justin Corbett
|
0-0: Ball 1-0: Swinging Strike 1-1: Ball 2-1: Ball 3-1: TRIPLE (Flyball, 89XD, EV 102.5 MPH)
|
Batting: LHB Danny Treto
|
0-0: Ball 1-0: Ball 2-0: Foul Ball, location: 2F 2-1: Called Strike 2-2: Foul Ball, location: 2F 2-2: Ground out 4-3 (Groundball, 34D, EV 90.6 MPH) Justin Corbett scores
|
Batting: RHB Reomel Somera
|
0-0: Called Strike 0-1: Ball 1-1: Called Strike 1-2: Ball 2-2: Ball 3-2: Foul Ball, location: 2F 3-2: Foul Ball, location: 2F 3-2: Fly out, F8 (Line Drive, 8LM, EV 103.1 MPH)
|
Batting: RHB Justin Dunham
|
0-0: Foul Ball, location: 2F 0-1: Ball 1-1: Ground out U3 (Groundball, 34, EV 85.6 MPH)
|
Bottom of the 1st over - 1 run, 1 hit, 0 errors, 0 left on base; Hillsboro 0 - Batavia 1 |
TOP OF THE 2ND |
Hillsboro Hops batting - Pitching for Batavia Muckdogs : RHP Ryan Weedon
|
Batting: RHB Jonathan Underhill
|
0-0: Fly out, F7 (Flyball, 7S, EV 79.4 MPH)
|
Batting: RHB Cesar Rendon
|
0-0: Ball 1-0: Ball 2-0: Called Strike 2-1: SINGLE (Groundball, 6MD, EV 96.9 MPH)
|
Batting: RHB Antonio Luisa
|
0-0: Ball 1-0: Foul Ball, location: 2F 1-1: Ball 2-1: Called Strike 2-2: Ball 3-2: Foul Ball, location: 2F 3-2: Strikes out swinging
|
Batting: RHB Sean Tanner
|
0-0: Swinging Strike 0-1: Called Strike 0-2: Strikes out looking
|
Top of the 2nd over - 0 runs, 1 hit, 0 errors, 1 left on base; Hillsboro 0 - Batavia 1 |
BOTTOM OF THE 2ND |
Batavia Muckdogs batting - Pitching for Hillsboro Hops : RHP Alexis Priego
|
Batting: SHB Greg Rivera
|
0-0: Ground out 6-3 (Groundball, 6, EV 85.0 MPH)
|
Batting: RHB George Boivin
|
0-0: Ball 1-0: Ball 2-0: Called Strike 2-1: Ball 3-1: Foul Ball, location: 2F 3-2: Foul Ball, location: 2F 3-2: Strikes out swinging
|
Batting: RHB Andy Kelly
|
0-0: Ball 1-0: Ball 2-0: Foul Ball, location: 2F 2-1: Called Strike 2-2: Ball 3-2: Foul Ball, location: 2F 3-2: Foul Ball, location: 2F 3-2: SINGLE (Flyball, 78S, EV 88.1 MPH)
|
Batting: RHB Calvin Morin
|
0-0: Ball 1-0: Ball 2-0: Called Strike 2-1: Ball 3-1: Swinging Strike 3-2: Ground out U3 (Groundball, 3S, EV 71.2 MPH)
|
Bottom of the 2nd over - 0 runs, 1 hit, 0 errors, 1 left on base; Hillsboro 0 - Batavia 1 |
TOP OF THE 3RD |
Hillsboro Hops batting - Pitching for Batavia Muckdogs : RHP Ryan Weedon
|
Batting: RHB Ryuki Ogasawara
|
0-0: Ball 1-0: Ground out 6-3 (Groundball, 6, EV 101.9 MPH)
|
Batting: RHB Yutaka Oki
|
0-0: Fly out, F9 (Flyball, 9D, EV 100.0 MPH)
|
Batting: RHB Daniel Rivera
|
0-0: Ball 1-0: Ground out 5-3 (Groundball, 56, EV 107.5 MPH)
|
Top of the 3rd over - 0 runs, 0 hits, 0 errors, 0 left on base; Hillsboro 0 - Batavia 1 |
BOTTOM OF THE 3RD |
Batavia Muckdogs batting - Pitching for Hillsboro Hops : RHP Alexis Priego
|
Batting: RHB Jeremy Dennis
|
0-0: Foul Ball, location: 2F 0-1: Foul Ball, location: 2F 0-2: Ball 1-2: Strikes out swinging
|
Batting: SHB Justin Corbett
|
0-0: Ball 1-0: Called Strike 1-1: SOLO HOME RUN (Flyball, 89XD, EV 107.5 MPH), Distance : 426 ft
|
Batting: LHB Danny Treto
|
0-0: Ball 1-0: Called Strike 1-1: Swinging Strike 1-2: Ball 2-2: Foul Ball, location: 2F 2-2: Foul Ball, location: 2F 2-2: Ball 3-2: Strikes out looking
|
Batting: RHB Reomel Somera
|
0-0: Ball 1-0: Ground out 6-3 (Groundball, 6, EV 103.8 MPH)
|
Bottom of the 3rd over - 1 run, 1 hit, 0 errors, 0 left on base; Hillsboro 0 - Batavia 2 |
TOP OF THE 4TH |
Hillsboro Hops batting - Pitching for Batavia Muckdogs : RHP Ryan Weedon
|
Batting: LHB Franklin Quezada
|
0-0: Called Strike 0-1: Swinging Strike 0-2: Ball 1-2: SINGLE (Groundball, 4MD, EV 100.0 MPH)
|
Batting: RHB Danny Loyola
|
0-0: Fielders Choice at 2nd, 5-4 (Groundball, 56, EV 105.0 MPH)
|
Batting: RHB Jonathan Underhill
|
0-0: Ball Wild Pitch! Danny Loyola to second 1-0: Swinging Strike 1-1: Foul Ball, location: 2F 1-2: Ball 2-2: Strikes out swinging
|
Batting: RHB Cesar Rendon
|
0-0: Ball 1-0: Fly out, F8 (Flyball, 8RD, EV 92.5 MPH)
|
Top of the 4th over - 0 runs, 1 hit, 0 errors, 1 left on base; Hillsboro 0 - Batavia 2 |
BOTTOM OF THE 4TH |
Batavia Muckdogs batting - Pitching for Hillsboro Hops : RHP Alexis Priego
|
Batting: RHB Justin Dunham
|
0-0: Ball 1-0: Ground out 6-3 (Groundball, 6, EV 88.8 MPH)
|
Batting: SHB Greg Rivera
|
0-0: Swinging Strike 0-1: Ball 1-1: Foul Ball, location: 2F 1-2: DOUBLE (Groundball, 3L, EV 109.4 MPH)
|
Batting: RHB George Boivin
|
0-0: Called Strike 0-1: Foul Ball, location: 2F 0-2: Ball 1-2: Strikes out swinging
|
Batting: RHB Andy Kelly
|
0-0: Called Strike 0-1: Foul Ball, location: 2F 0-2: Strikes out swinging
|
Bottom of the 4th over - 0 runs, 1 hit, 0 errors, 1 left on base; Hillsboro 0 - Batavia 2 |
TOP OF THE 5TH |
Hillsboro Hops batting - Pitching for Batavia Muckdogs : RHP Ryan Weedon
|
Batting: RHB Antonio Luisa
|
0-0: Ball 1-0: Swinging Strike 1-1: Ball 2-1: Ball 3-1: Base on Balls
|
Batting: RHB Sean Tanner
|
0-0: Called Strike 0-1: Swinging Strike 0-2: Foul Ball, location: 2F 0-2: Ball 1-2: Strikes out looking
|
Batting: RHB Ryuki Ogasawara
|
0-0: Ball 1-0: Called Strike 1-1: Ball 2-1: Ball 3-1: Foul Ball, location: 2F 3-2: Base on Balls Antonio Luisa to second
|
Batting: RHB Yutaka Oki
|
0-0: Called Strike 0-1: Foul Ball, location: 2F 0-2: TRIPLE (Groundball, 3L, EV 103.8 MPH) Antonio Luisa scores Ryuki Ogasawara scores
|
Batting: RHB Daniel Rivera
|
0-0: Called Strike 0-1: Ball 1-1: Ball 2-1: Ball 3-1: Base on Balls
|
Batting: LHB Franklin Quezada
|
0-0: Ball 1-0: Foul Ball, location: 2F 1-1: Ball 2-1: Ball 3-1: Base on Balls Daniel Rivera to second
|
Batting: RHB Danny Loyola
|
0-0: Ball 1-0: Grounds into fielders choice 3-2 (Groundball, 34S, EV 81.9 MPH) Daniel Rivera to third Franklin Quezada to second
|
Batting: RHB Jonathan Underhill
|
0-0: Called Strike 0-1: Ball 1-1: Called Strike 1-2: Strikes out swinging
|
Top of the 5th over - 2 runs, 1 hit, 0 errors, 3 left on base; Hillsboro 2 - Batavia 2 |
BOTTOM OF THE 5TH |
Batavia Muckdogs batting - Pitching for Hillsboro Hops : RHP Alexis Priego
|
Batting: RHB Calvin Morin
|
0-0: Called Strike 0-1: Ground out 3-1 (Groundball, 34, EV 81.2 MPH)
|
Batting: RHB Jeremy Dennis
|
0-0: Called Strike 0-1: Ball 1-1: Ball 2-1: Ball 3-1: SINGLE (Line Drive, 78M, EV 106.9 MPH)
|
Batting: SHB Justin Corbett
|
0-0: Ball 1-0: Called Strike Jeremy Dennis steals 2nd base 1-1: Ground out 4-3 (Groundball, 4D, EV 101.2 MPH) Jeremy Dennis to third
|
Batting: LHB Danny Treto
|
0-0: SINGLE (Line Drive, 34D, EV 95.6 MPH) Jeremy Dennis scores
|
Batting: RHB Reomel Somera
|
0-0: Ball 1-0: Ball 2-0: Foul Ball, location: 2F 2-1: Called Strike 2-2: Ground out 4-3 (Groundball, 13, EV 90.0 MPH)
|
Bottom of the 5th over - 1 run, 2 hits, 0 errors, 1 left on base; Hillsboro 2 - Batavia 3 |
TOP OF THE 6TH |
Hillsboro Hops batting - Pitching for Batavia Muckdogs : RHP Ryan Weedon
|
Pitching: RHP Tim Sherrill
|
|
Pinch Hitting: LHB Rich Butler
|
0-0: Called Strike 0-1: Swinging Strike 0-2: Strikes out swinging
|
Batting: RHB Antonio Luisa
|
0-0: Called Strike 0-1: Ground out 6-3 (Groundball, 6, EV 87.5 MPH)
|
Batting: RHB Sean Tanner
|
0-0: Ball 1-0: Called Strike 1-1: Ball 2-1: Foul Ball, location: 2F 2-2: Foul Ball, location: 2F 2-2: Ground out U3 (Groundball, 3D, EV 97.5 MPH)
|
Top of the 6th over - 0 runs, 0 hits, 0 errors, 0 left on base; Hillsboro 2 - Batavia 3 |
BOTTOM OF THE 6TH |
Batavia Muckdogs batting - Pitching for Hillsboro Hops : RHP Alexis Priego
|
Now in LF: Chris McGrath
|
|
Now in CF: Yutaka Oki
|
|
Batting: RHB Justin Dunham
|
0-0: Foul Ball, location: 2F 0-1: Ball 1-1: Swinging Strike 1-2: Foul Ball, location: 2F 1-2: Ground out 4-3 (Groundball, 4, EV 86.2 MPH)
|
Batting: SHB Greg Rivera
|
0-0: DOUBLE (Line Drive, 9LS, EV 100.0 MPH)
|
Batting: RHB George Boivin
|
0-0: Called Strike 0-1: Ball 1-1: Fly out, F8 (Flyball, 8LXD, EV 99.4 MPH) Runner from 2nd tags up, SAFE at 3rd, no throw by CF
|
Batting: RHB Andy Kelly
|
0-0: Ball 1-0: Ball 2-0: Swinging Strike 2-1: Ground out 4-3 (Groundball, 4M, EV 103.1 MPH)
|
Bottom of the 6th over - 0 runs, 1 hit, 0 errors, 1 left on base; Hillsboro 2 - Batavia 3 |
TOP OF THE 7TH |
Hillsboro Hops batting - Pitching for Batavia Muckdogs : RHP Tim Sherrill
|
Pinch Hitting: RHB Jesus Galvan
|
0-0: Called Strike 0-1: Foul Ball, location: 2F 0-2: Strikes out swinging
|
Batting: RHB Yutaka Oki
|
0-0: Ball 1-0: Called Strike 1-1: Foul Ball, location: 2F 1-2: Ball 2-2: Foul Ball, location: 2F 2-2: Strikes out swinging
|
Batting: RHB Daniel Rivera
|
0-0: Foul Ball, location: 2F 0-1: Called Strike 0-2: Ball 1-2: Ball 2-2: Ball 3-2: Strikes out swinging
|
Top of the 7th over - 0 runs, 0 hits, 0 errors, 0 left on base; Hillsboro 2 - Batavia 3 |
BOTTOM OF THE 7TH |
Batavia Muckdogs batting - Pitching for Hillsboro Hops : RHP Alexis Priego
|
Pitching: RHP Franklin Salazar
|
|
Now at 2B: Jesus Galvan
|
|
Now at SS: Jonathan Underhill
|
|
Batting: RHB Calvin Morin
|
0-0: Ball 1-0: Called Strike 1-1: Called Strike 1-2: Foul Ball, location: 2F 1-2: Ball 2-2: Ball 3-2: Foul Ball, location: 2F 3-2: Base on Balls
|
Batting: RHB Jeremy Dennis
|
0-0: Bunted foul Pickoff Throw to First - Out! 1-3 0-1: Ground out 5-3 (Groundball, 56S, EV 89.4 MPH)
|
Batting: SHB Justin Corbett
|
0-0: Ball 1-0: Swinging Strike 1-1: SINGLE (Groundball, 4S, EV 69.4 MPH) (infield hit)
|
Batting: LHB Danny Treto
|
0-0: Called Strike Justin Corbett steals 2nd base (no throw) 0-1: Foul Ball, location: 2F 0-2: Strikes out looking
|
Bottom of the 7th over - 0 runs, 1 hit, 0 errors, 1 left on base; Hillsboro 2 - Batavia 3 |
TOP OF THE 8TH |
Hillsboro Hops batting - Pitching for Batavia Muckdogs : RHP Tim Sherrill
|
Batting: LHB Franklin Quezada
|
0-0: Foul Ball, location: 2F 0-1: Ball 1-1: Foul Ball, location: 2F 1-2: Ball 2-2: Fly out, F7 (Flyball, 7S, EV 95.0 MPH)
|
Batting: LHB Tommy King
|
0-0: Ball 1-0: Called Strike 1-1: Ball 2-1: Called Strike 2-2: Foul Ball, location: 2F 2-2: Ground out 2-3 (Groundball, 15S, EV 73.1 MPH)
|
Batting: RHB Jonathan Underhill
|
0-0: Ball 1-0: Ball 2-0: Fly out, F7 (Flyball, 78M, EV 93.8 MPH)
|
Top of the 8th over - 0 runs, 0 hits, 0 errors, 0 left on base; Hillsboro 2 - Batavia 3 |
BOTTOM OF THE 8TH |
Batavia Muckdogs batting - Pitching for Hillsboro Hops : RHP Franklin Salazar
|
Batting: RHB Reomel Somera
|
0-0: Foul Ball, location: 2F 0-1: Swinging Strike 0-2: Strikes out looking
|
Batting: RHB Justin Dunham
|
0-0: Ball 1-0: Ball 2-0: Ground out 6-3 (Groundball, 6, EV 88.8 MPH)
|
Batting: SHB Greg Rivera
|
0-0: Called Strike 0-1: Ball 1-1: Called Strike 1-2: Strikes out swinging
|
Bottom of the 8th over - 0 runs, 0 hits, 0 errors, 0 left on base; Hillsboro 2 - Batavia 3 |
TOP OF THE 9TH |
Hillsboro Hops batting - Pitching for Batavia Muckdogs : RHP Tim Sherrill
|
Pitching: RHP Glen Patterson
|
|
Now in LF: Hiromitsu Yamada
|
|
Batting: RHB Chris McGrath
|
0-0: Ground out 6-3 (Groundball, 56, EV 81.2 MPH)
|
Pinch Hitting: LHB Josh Thomas
|
0-0: Foul Ball, location: 2F 0-1: Ball 1-1: Called Strike 1-2: Ball 2-2: Strikes out looking
|
Pinch Hitting: SHB Morgan Batson
|
0-0: Called Strike 0-1: Ground out 6-3 (Groundball, 6, EV 86.9 MPH)
|
Top of the 9th over - 0 runs, 0 hits, 0 errors, 0 left on base; Hillsboro 2 - Batavia 3 |
|